 Dungeon Crawl Stone Soup version 0.27.1-3-gb3d3a73c9e (webtiles) character file.

Game seed: 3464458759096826487

18005 GameOver the Dealer of Despair (level 12, -3/93 HPs)
             Began as a Naga Hedge Wizard on Oct 31, 2021.
             Was an Elder of Kikubaaqudgha.
             Slain by an eight-headed hydra (10 damage)
             ... on level 4 of the Lair of Beasts.
             The game lasted 01:34:28 (10658 turns).

GameOver the Dealer of Despair (Naga Hedge Wizard) Turns: 10658, Time: 01:34:29

Health: -3/93      AC: 13    Str: 12    XL:     12   Next: 54%
Magic:  22/34      EV:  9    Int: 27    God:    Kikubaaqudgha [****..]
Gold:   680        SH: 12    Dex: 10    Spells: 1/29 levels left

rFire    + + .     SeeInvis +   s - +4 spear (pain)
rCold    + + .     Faith    .   P - +2 shield of Resistance {rF++ rC++ Will++}
rNeg     . . .     Spirit   .   a - +2 robe {Will+}
rPois    +         Reflect  .   m - +0 helmet
rElec    .         Harm     .   z - +1 cloak
rCorr    .         Rampage  .   x - +2 pair of gloves {archery}
Will     ++++.                  (no barding)
Stlth    ++++......             c - amulet of magic regeneration
HPRegen  0.25/turn              W - ring of magical power
MPRegen  0.49/turn              d - +6 ring of intelligence

@: very slow
A: AC +4, large, see invisible, deformed body, poison resistance, slowness 2,
spit poison 1, naga tail 1
a: Spit Poison, Renounce Religion, Receive Corpses


You were on level 4 of the Lair of Beasts.
You worshipped Kikubaaqudgha.
Kikubaaqudgha was greatly pleased with you.
You visited 3 branches of the dungeon, and saw 13 of its levels.
You also visited: Sewer.

You collected 916 gold pieces.
You spent 236 gold pieces at shops.

Inventory:

Hand Weapons
 s - a +4 spear of pain (weapon)
 y - a +2 whip of flaming
 H - a +1 flail of holy wrath
Armour
 a - a +2 robe of willpower (worn)
 m - a +0 helmet (worn)
 w - +0 swamp dragon scales
 x - a +2 pair of gloves of archery (worn)
 z - a +1 cloak (worn)
 P - the +2 shield of Resistance (worn) {rF++ rC++ Will++}
   (You found it on level 7 of the Dungeon)

   rF:        It greatly protects you from fire.
   rC:        It greatly protects you from cold.
   Will:      It greatly increases your willpower.
 U - +0 steam dragon scales
Magical Staves
 e - a staff of conjuration
Jewellery
 c - an amulet of magic regeneration (around neck)
 d - a +6 ring of intelligence (right hand)
 q - a ring of ice
 W - a ring of magical power (left hand)
Wands
 p - a wand of iceblast (29)
 B - a wand of flame (34)
 G - a wand of charming (3)
 R - a wand of polymorph (6)
 S - a wand of paralysis (17)
Scrolls
 f - 4 scrolls of blinking
 g - 5 scrolls of vulnerability
 h - 7 scrolls of teleportation
 i - 4 scrolls of immolation
 j - a scroll of torment {unknown}
 n - 3 scrolls of enchant weapon
 o - a scroll of enchant armour {unknown}
 r - 2 scrolls of identify
 t - a scroll of brand weapon {unknown}
 E - 2 scrolls of fear {unknown}
 K - 2 scrolls of fog {unknown}
 L - a scroll of amnesia {unknown}
 T - 2 scrolls of magic mapping
Potions
 b - a potion of might {unknown}
 k - 5 potions of heal wounds
 l - a potion of brilliance {unknown}
 u - a potion of magic {unknown}
 v - a potion of mutation {unknown}
 A - 4 potions of curing
 C - a potion of invisibility {unknown}
 D - 4 potions of attraction
 F - a potion of resistance {unknown}
 I - 4 potions of flight
 M - 4 potions of haste
 Q - a potion of ambrosia {unknown}


   Skills:
 - Level 2.0 Fighting
 - Level 2.0 Polearms
 - Level 1.5 Dodging
 - Level 9.0 Stealth
 * Level 8.4 Shields
 - Level 9.0 Spellcasting
 - Level 6.0 Conjurations
 - Level 1.0 Summonings
 + Level 10.0 Necromancy
 - Level 3.0 Translocations
 - Level 9.0 Poison Magic


You had one spell level left.
You knew the following spells:

 Your Spells              Type           Power      Damage    Failure   Level
a - Magic Dart            Conj           100%       1d8       3%          1
b - Blink                 Tloc           N/A        N/A       9%          2
c - Dispel Undead         Necr           61%        3d21      4%          4
d - Mephitic Cloud        Conj/Pois/Air  39%        N/A       8%          3
e - Animate Dead          Necr           30%        N/A       4%          4
v - Vampiric Draining     Necr           30%        2d10      2%          3
x - Excruciating Wounds   Necr           30%        N/A       9%          5
z - Apportation           Tloc           56%        N/A       7%          1
E - Spider Form           Tmut/Pois      18%        N/A       10%         3
Z - Sublimation of Blood  Necr           30%        N/A       1%          2

Your spell library contained the following spells:

 Spells                   Type           Power      Damage    Failure   Level
 Animate Skeleton         Necr           100%       N/A       1%          1
 Pain                     Necr           100%       1d9       1%          1
 Freeze                   Ice            48%        1d7       16%         1
 Conjure Flame            Conj/Fire      28%        6-21      14%         3
 Gell's Gravitas          Tloc           14%        N/A       14%         3
 Teleport Other           Tloc           28%        N/A       14%         3
 Call Imp                 Summ           17%        N/A       16%         2
 Ensorcelled Hibernation  Hex/Ice        24%        N/A       21%         2
 Slow                     Hex            12%        N/A       21%         2
 Wereblood                Tmut           12%        N/A       21%         2
 Portal Projectile        Hex/Tloc       40%        N/A       22%         3
 Call Canine Familiar     Summ           17%        N/A       26%         3
 Death Channel            Necr           30%        N/A       30%         6
 Frozen Ramparts          Ice            24%        1d4       34%         3
 Ozocubu's Armour         Ice            12%        N/A       34%         3
 Hailstorm                Conj/Ice       28%        3d8       34%         4
 Borgnjor's Vile Clutch   Necr/Erth      19%        N/A       38%         5
 Alistair's Intoxication  Tmut/Pois      24%        N/A       43%         5
 Summon Ice Beast         Ice/Summ       14%        N/A       61%         4
 Leda's Liquefaction      Hex/Erth       6%         N/A       67%         4
 Summon Mana Viper        Hex/Summ       14%        N/A       89%         5
 Dispersal                Tloc           14%        N/A       98%         6
 Invisibility             Hex            6%         N/A       100%        6
 Shadow Creatures         Summ           N/A        N/A       100%        6
 Haunt                    Necr/Summ      21%        N/A       100%        7
 Monstrous Menagerie      Summ           8%         N/A       100%        7
 Ozocubu's Refrigeration  Ice            6%         4d6       100%        7
 Summon Hydra             Summ           8%         N/A       100%        7
 Infestation              Necr           30%        N/A       100%        8


Dungeon Overview and Level Annotations

Branches:
Dungeon (8/15)             Temple (1/1) D:4            Lair (4/6) D:8
  Swamp (0/4) Lair:4       Spider (0/4) Lair:2        Sewer (visited)

Altars:
Cheibriados
Fedhas
Gozag
Hepliaklqana
Kikubaaqudgha
Makhleb
Nemelex Xobeh
Ru
Trog
Uskayaw
Yredelemnul
Zin
The Shining One
Beogh

Shops:
D:3 [   D:4 **

Annotations:
Lair:1 Gastronok


Innate Abilities, Weirdness & Mutations

Your serpentine skin is tough. (AC +4)
You have supernaturally acute eyesight. (SInv)
Armour fits poorly on your strangely shaped body.
Your system is resistant to poisons. (rPois)
You cover ground very slowly.
You can spit poison.
You have a snake-like lower body.


Message History

Casting: Vampiric Draining (mildly dangerous; 2% risk of failure)
Confirm with . or Enter, or press ? or * to list all spells.
You blink.
You are too injured to fight recklessly!
Reach: s) +4 spear (pain)
Press: ? - help, Dir - move target, f/p - eight-headed hydra
Aim: an eight-headed hydra (severely wounded, about 19% to evade your +4 spear of pain)
You reach to attack!
You hit the eight-headed hydra.
The eight-headed hydra writhes in agony.
The eight-headed hydra is severely wounded.
Casting: Blink (safe; 9% risk of failure)
Confirm with . or Enter, or press ? or * to list all spells.
You blink.
Reach: s) +4 spear (pain)
Press: ? - help, Dir - move target, f/p - eight-headed hydra
Aim: an eight-headed hydra (severely wounded, about 19% to evade your +4 spear of pain)
You reach to attack!
You barely miss the eight-headed hydra.
The eight-headed hydra is severely wounded.
Casting: Blink (safe; 9% risk of failure)
Confirm with . or Enter, or press ? or * to list all spells.
You blink.
Reach: s) +4 spear (pain)
Press: ? - help, Dir - move target, f/p - eight-headed hydra
Aim: an eight-headed hydra (severely wounded, about 19% to evade your +4 spear of pain)
You reach to attack!
You hit the eight-headed hydra.
The eight-headed hydra is severely wounded.
Your magical contamination has completely faded away.
Casting: Blink (safe; 9% risk of failure)
Confirm with . or Enter, or press ? or * to list all spells.
You blink.
The eight-headed hydra bites you.
* * * LOW HITPOINT WARNING * * *
The eight-headed hydra bites you!
* * * LOW HITPOINT WARNING * * *
The eight-headed hydra bites you.
* * * LOW HITPOINT WARNING * * *
You block the eight-headed hydra's attack. x2
The eight-headed hydra bites you but does no damage.
The eight-headed hydra bites you!
You die...
Kikubaaqudgha rasps: "You have failed me!
Welcome... death!"

### ####..##
.##..############.....#.
.....!...#.##..........[
#...........#.......... #
##......................
#.#....>..................
##.........P.#............
#...........#.#^...#......
#........@.........##..##.
##........D.........#......
##.........ยง(...##P.........
#..........##.##.###.|......
#.......###### ###P.#......
#..<....## #...#......
###......## ##.......>.
#....##..#### ..........
##..........## .##.#......


You could see an eight-headed hydra.

Vanquished Creatures
  A hydra (Lair:4)
  Fannar (Lair:1)
  A boulder beetle (Lair:2)
  Nergalle (Lair:3)
  A swamp dragon (Lair:4)
  Pikel (D:4)
  Joseph (D:7)
  3 cane toads
  A black mamba (Lair:4)
  4 elephants (Lair:2)
  Maggie (Lair:1)
  3 komodo dragons (Lair:1)
  A polar bear (Lair:3)
  Grinder (D:3)
  9 blink frogs (Lair:2)
  Sigmund (D:4)
  A warg (D:8)
  A redback (Lair:2)
  16 yaks
  2 wyverns
  2 basilisks
  Edmund (D:5)
  7 water moccasins
  4 ice beasts
  A sky beast (D:5)
  3 orc warriors
  3 black bears
  A hornet zombie (D:7)
  3 necrophages
  2 ogres (D:6)
  10 wolves
  3 kobold brigands
  Blork the orc (D:5)
  A gnoll sergeant (D:6)
  11 bullfrogs
  2 scorpions
  3 killer bees (D:8)
  5 wights (D:7)
  2 centaur zombies (D:7)
  5 hounds
  2 jellies
  5 orc priests
  Crazy Yiuf (D:3)
  4 gnoll shamans
  Jessica (D:2)
  Ijyb (D:3)
  5 iguanas
  8 orc wizards
  A scorpion zombie (D:4)
  A killer bee zombie (D:6)
  A hound skeleton (D:4)
  A howler monkey zombie (D:4)
  7 adders
  13 gnolls
  A river rat (D:4)
  3 shadow imps
  An ufetubus (D:3)
  7 worms
  2 dart slugs (D:3)
  30 orcs
  8 bats
  13 endoplasms
  5 giant cockroaches
  8 goblins
  18 hobgoblins
  4 jackals (Sewer)
  6 quokkas
  12 ball pythons
  6 frilled lizards
  12 kobolds
  6 rats
314 creatures vanquished.

Vanquished Creatures (collateral kills)
  A hydra (Lair:4)
  An elephant (Lair:2)
  A killer bee (D:8)
  An orc wizard (D:8)
  A gnoll (D:6)
  An orc (D:8)
  2 hobgoblins (D:6)
8 creatures vanquished.

Vanquished Creatures (others)
  A warg (D:8)
  9 fungi
  15 plants
25 creatures vanquished.

Grand Total: 347 creatures vanquished

Notes
Turn   | Place    | Note
-------+----------+-------------------------------------------
     0 | D:1      | GameOver the Naga Hedge Wizard began the quest for the Orb.
     0 | D:1      | Reached XP level 1. HP: 15/15 MP: 4/4
   109 | D:1      | Reached XP level 2. HP: 22/22 MP: 3/6
   199 | D:1      | Found a faded altar of an unknown god.
   581 | D:2      | Reached XP level 3. HP: 28/28 MP: 5/7
   818 | D:2      | Noticed Jessica
   822 | D:2      | Killed Jessica
   823 | D:2      | Reached XP level 4. HP: 30/36 MP: 4/8
  1186 | D:3      | Found Ciwniciw's Armour Boutique.
  1412 | D:3      | Found a snail-covered altar of Cheibriados.
  1557 | D:3      | Learned a level 2 spell: Blink
  1561 | D:3      | Learned a level 3 spell: Mephitic Cloud
  1654 | D:3      | Noticed Ijyb
  1671 | D:3      | Killed Ijyb
  1672 | D:3      | Reached skill level 1 in Poison Magic
  1672 | D:3      | Reached XP level 5. HP: 31/42 MP: 6/9
  1672 | D:3      | Noticed Grinder
  1761 | D:4      | Noticed Sigmund
  1803 | D:4      | Reached skill level 5 in Conjurations
  1814 | D:4      | Killed Sigmund
  1815 | D:4      | Reached XP level 6. HP: 31/49 MP: 6/10
  1891 | D:4      | Noticed an ice beast
  1918 | D:4      | Reached XP level 7. HP: 29/55 MP: 9/11
  1942 | D:4      | Reached skill level 5 in Stealth
  1987 | D:4      | Found a staircase to the Ecumenical Temple.
  2075 | D:4      | Noticed Pikel
  2111 | D:4      | Reached skill level 5 in Poison Magic
  2114 | D:4      | Killed Pikel
  2115 | D:4      | Reached XP level 8. HP: 34/62 MP: 5/12
  2172 | D:4      | Found a bloodstained altar of Trog.
  2201 | D:4      | Found a glowing drain.
  2213 | Sewer    | Entered a sewer
  2689 | Temple   | Entered the Ecumenical Temple
  2702 | Temple   | Became a worshipper of Kikubaaqudgha
  2763 | D:3      | Killed Grinder
  2804 | D:3      | Found a runed translucent door.
  2805 | D:3      | Noticed Crazy Yiuf
  2817 | D:3      | Killed Crazy Yiuf
  2941 | D:3      | Found a blossoming altar of Fedhas.
  3159 | D:4      | Found Dedi's Specific Store.
  3159 | D:4      | Found Pydus's General Store.
  3507 | D:5      | Entered Level 5 of the Dungeon
  3520 | D:5      | Found a basalt altar of Yredelemnul.
  3573 | D:5      | Noticed Blork the orc
  3669 | D:5      | Reached XP level 9. HP: 68/68 MP: 11/13
  3705 | D:5      | Identified the +1 plate armour "Cupn" {rElec rC- Str+4
                  | Stlth+}
  3722 | D:5      | Reached skill level 1 in Necromancy
  3802 | D:5      | Noticed Edmund
  3812 | D:5      | Killed Edmund
  3824 | D:5      | Reached skill level 2 in Necromancy
  3867 | D:5      | Found a hazy altar of Hepliaklqana.
  3929 | D:5      | Killed Blork the orc
  4126 | D:6      | Reached skill level 3 in Necromancy
  4162 | D:6      | Found a glowing silver altar of Zin.
  4237 | D:6      | Found an opulent altar of Gozag.
  4470 | D:6      | Reached skill level 4 in Necromancy
  4510 | D:6      | Identified the +6 broad axe "Fierim" {vorpal, rC+ rCorr
                  | SInv}
  4531 | D:6      | Reached skill level 5 in Spellcasting
  4567 | D:6      | Learned a level 4 spell: Animate Dead
  4824 | D:6      | Reached skill level 5 in Necromancy
  4827 | D:6      | Reached * piety under Kikubaaqudgha
  4827 | D:6      | Received a gift from Kikubaaqudgha
  5096 | D:6      | Reached XP level 10. HP: 55/75 MP: 14/19
  5281 | D:7      | Learned a level 3 spell: Vampiric Draining
  5380 | D:3      | Bought a +2 pair of gloves of archery for 236 gold pieces
  5771 | D:7      | Noticed Joseph
  5787 | D:7      | Reached skill level 6 in Necromancy
  5796 | D:7      | Killed Joseph
  5987 | D:7      | Found the +2 shield of Resistance {rF++ rC++ Will++}
  6043 | D:7      | Learned a level 2 spell: Sublimation of Blood
  6155 | D:7      | Reached ** piety under Kikubaaqudgha
  6404 | D:8      | Reached skill level 1 in Shields
  6494 | D:8      | Found a staircase to the Lair.
  6599 | D:8      | Reached skill level 7 in Necromancy
  6680 | D:8      | Found a hide-covered altar of Uskayaw.
  7083 | D:8      | Reached *** piety under Kikubaaqudgha
  7083 | D:8      | Received a gift from Kikubaaqudgha
  7199 | Lair:1   | Entered Level 1 of the Lair of Beasts
  7206 | Lair:1   | Learned a level 4 spell: Dispel Undead
  7210 | Lair:1   | Learned a level 3 spell: Spider Form
  7361 | Lair:1   | Reached XP level 11. HP: 51/81 MP: 16/23
  7364 | Lair:1   | Noticed Gastronok
  7564 | Lair:1   | Noticed Maggie
  7581 | Lair:1   | Killed Maggie
  7711 | Lair:1   | Reached skill level 8 in Necromancy
  7790 | Lair:1   | Noticed Fannar
  7816 | Lair:1   | Killed Fannar
  8360 | Lair:2   | Found a hole to the Spider Nest.
  8363 | Lair:2   | Noticed a boulder beetle
  8377 | Lair:2   | Killed a boulder beetle
  8415 | Lair:2   | Reached skill level 5 in Shields
  8541 | Lair:2   | Reached skill level 9 in Necromancy
  8695 | Lair:2   | Reached **** piety under Kikubaaqudgha
  8701 | Lair:2   | Reached XP level 12. HP: 55/88 MP: 17/25
  9036 | Lair:3   | Learned a level 1 spell: Apportation
  9396 | Lair:3   | Reached skill level 1 in Polearms
  9664 | Lair:3   | Noticed Nergalle
  9689 | Lair:3   | Killed Nergalle
 10026 | Lair:4   | Noticed an eight-headed hydra
 10034 | Lair:4   | Learned a level 5 spell: Excruciating Wounds
 10212 | Lair:4   | Noticed a six-headed hydra
 10231 | Lair:4   | Reached skill level 1 in Fighting
 10231 | Lair:4   | Killed a six-headed hydra
 10342 | Lair:4   | Noticed a seven-headed hydra
 10376 | Lair:4   | Killed a seven-headed hydra
 10467 | Lair:4   | Found a staircase to the Swamp.
 10487 | Lair:4   | Reached skill level 10 in Necromancy
 10658 | Lair:4   | Slain by an eight-headed hydra

Illustrated notes

Levels and vault maps discovered:
D:1:      kennysheep_arrival_seaside, layout_rooms,
          dreamdust_ecumenical_altar_hidden_monk_grotto, minmay_misc_feat_x
D:2:      layout_loops_ring, uniq_jessica
D:3:      layout_basic, mainiacjoe_overflow_swirl, serial_shops, shop,
          st_stairs_1, uniq_ijyb, uniq_crazy_yiuf_cottage, uniq_grinder
D:4:      minmay_chambers_of_threes, layout_basic,
          nicolae_overflow_crystal_walls, minmay_temple_entry_glass,
          portal_sewer_entry_b, nicolae_specific_store, uniq_sigmund, uniq_pikel
D:5:      layout_gridville, mainiacjoe_overflow_six_doors_small,
          nicolae_hepliaklqana_hazy_memory, dk_vineyard_3, uniq_edmund,
          uniq_blork_the_orc
D:6:      kennysheep_housing_project, layout_loops_cross,
          mainiacjoe_overflow_paths, grunt_gozag_breadcrumbs, grunt_ministairs_8
D:7:      layout_cave_pools, uniq_joseph
D:8:      layout_loops_cross, marbit_many_paths, erik_lair_orcish_takeover,
          special_room [special_room_orc]
Temple:   zaba_magenta_temple
Lair:1:   layout_loops_ring, st_stairs_7, uniq_fannar, uniq_maggie,
          uniq_gastronok
Lair:2:   layout_misc_corridors, spider_nest_entry_webs
Lair:3:   layout_cave_pods, uniq_nergalle
Lair:4:   layout_cave_pods, minmay_swamp_entry_reptiles, st_stairs_5

Skill      XL: |  1  2  3  4  5  6  7  8  9 10 11 12 |
---------------+-------------------------------------+-----
Conjurations   | 2 4 5 6 |  6.0
Poison Magic   | 1 3 4 7 9 |  9.0
Stealth        | 4 6 8 9 |  9.0
Translocations | 3 |  3.0
Necromancy     | 5 7 9 10 | 10.0
Spellcasting   | 6 8 9 |  9.0
Shields        | 2 6 8 |  8.4
Polearms       | 2 |  2.0
Fighting       | 2 |  2.0
Dodging        | |  1.5
Summonings     | |  1.0

Action                   |  1- 3 |  4- 6 |  7- 9 | 10-12 || total
-------------------------+-------+-------+-------+-------++-------
Melee: Dagger            |     1 |       |       |       ||     1
       Short sword       |       |    43 |     7 |       ||    50
       Whip              |       |       |    34 |       ||    34
       Quarterstaff      |       |       |    59 |    11 ||    70
       Broad axe         |       |       |     3 |       ||     3
       Staff             |       |       |     2 |       ||     2
       Spear             |       |       |       |   291 ||   291
       Flail             |       |       |       |    18 ||    18
 Cast: Magic Dart        |    43 |    55 |   173 |   139 ||   410
       Mephitic Cloud    |       |     5 |    35 |    61 ||   101
       Blink             |       |       |     7 |    24 ||    31
       Animate Dead      |       |       |     1 |     5 ||     6
       Vampiric Draining |       |       |       |    63 ||    63
       Excruciating Woun |       |       |       |     5 ||     5
Invok: Receive Corpses   |       |       |       |     2 ||     2
 Abil: Spit Poison       |    24 |    33 |    75 |    78 ||   210
Evoke: Wand              |       |       |     7 |    24 ||    31
  Use: Potion            |       |     1 |       |       ||     1
       Scroll            |       |       |     7 |     5 ||    12
 Stab: Sleeping          |       |     2 |       |       ||     2
       Confused          |       |     1 |     8 |    40 ||    49
Armor: Skin              |       |    51 |       |       ||    51
       Robe              |       |     2 |    54 |   147 ||   203
Dodge: Dodged            |     1 |    19 |    75 |   133 ||   228
Block: Buckler           |       |       |       |    19 ||    19
       Kite shield       |       |       |       |    67 ||    67
